Map: Apotheosis LE

Players

Gracz

  • Race: Terran Terran
  • League: Silver

Voegg - Winner!

  • Race: Protoss Protoss
  • League: Silver

VOD

Have the link to the VOD?

Description

Time

  • Played on: Sept. 25, 2016, 8:09 a.m.
  • Length: 9:48
Show
View Real Time Build Order
Export as new Build Order

Gracz Terran 

Build Orders:  

Get SALT Encoding   

  12  0:02  SCV  
  13  0:18  Supply Depot  
  13  0:20  SCV  
  14  0:35  SCV  
  15  0:41  Barracks  
  15  0:46  Supply Depot  
  15  0:51  SCV  
  16  1:03  SCV  
  17  1:05  Refinery  
  17  1:15  SCV  
  18  1:47  Command Center  
  18  1:50  Orbital Command  
  18  1:55  Barracks Tech Lab  
  18  2:23  Marauder  
  18  2:28  SCV  
  18  2:29  Refinery  
  21  2:40  SCV  
  22  2:51  Factory  
  22  2:53  SCV  
  22  2:57  Marauder  
  25  3:01  SCV  
  25  3:05  SCV  
  27  3:14  Orbital Command  
  27  3:17  SCV  
  28  3:38  Starport  
  28  3:39  Barracks Reactor  
  28  3:48  Barracks  
  28  3:53  Siege Tank  
  31  4:13  SCV x2  
  33  4:24  Refinery  
  33  4:25  SCV x2  
  35  4:39  Medivac  
  37  4:46  Barracks Tech Lab, Barracks  
  37  4:54  Marine x2  
  39  5:03  Starport  
  39  5:06  Engineering Bay  
  39  5:10  Engineering Bay  
  39  5:12  Marine x2  
  36  5:46  Marine  
  36  5:47  Marine x3  
  36  5:48  Medivac  
  36  5:49  Medivac  
  35  6:04  Marine  
  36  6:13  Marine  
  36  6:14  Marine x2  
  39  6:22  Marine  
  40  6:31  Marine  
  40  6:32  Marine x2  
  26  6:51  Command Center  
  12  7:02  Marine x3  
  10  7:19  Marine  
  10  7:20  Marine  
  10  7:21  Orbital Command  
  9  7:37  Marine  
  9  7:38  Marine  
  11  7:51  SCV  
  10  7:55  Marine  
  10  7:56  Marine  
  11  8:03  SCV  
  10  8:15  Supply Depot, SCV  
  10  8:27  SCV  
  10  8:39  SCV  
  11  8:44  Barracks  
  11  8:47  Barracks  
  11  8:51  Barracks, SCV  
  11  8:53  Supply Depot  
  12  9:03  SCV  
  13  9:15  SCV  
  14  9:27  SCV  
Show
View Real Time Build Order
Export as new Build Order

Voegg Protoss - Winner!

Build Orders:  

Get SALT Encoding   

  12  0:02  Probe (Chrono Boost)  
  13  0:13  Probe (Chrono Boost)  
  14  0:28  Pylon  
  14  0:31  Probe (Chrono Boost)  
  15  0:39  Assimilator  
  15  0:47  Probe (Chrono Boost)  
  16  0:57  Probe (Chrono Boost)  
  17  1:10  Gateway, Probe (Chrono Boost)  
  18  1:11  Gateway  
  18  1:26  Pylon  
  18  1:32  Probe (Chrono Boost)  
  19  1:48  Probe (Chrono Boost)  
  20  1:56  Assimilator  
  20  1:58  Nexus  
  20  2:09  Cybernetics Core  
  20  2:21  Probe (Chrono Boost)  
  21  2:32  Probe (Chrono Boost)  
  21  2:36  Warp Gate  
  22  2:45  Pylon  
  22  2:47  Pylon  
  22  2:52  Gateway  
  22  2:53  Gateway  
  22  3:04  Adept x2  
  26  3:11  Probe (Chrono Boost)  
  27  3:17  Probe (Chrono Boost)  
  28  3:21  Probe (Chrono Boost)  
  29  3:31  Twilight Council  
  29  3:32  Probe (Chrono Boost)  
  30  3:40  Mothership Core (Chrono Boost)  
  32  3:43  Probe (Chrono Boost)  
  33  3:53  Probe (Chrono Boost)  
  34  3:59  Resonating Glaives  
  34  4:01  Pylon  
  34  4:04  Probe (Chrono Boost)  
  35  4:13  Adept x3  
  35  4:14  Adept  
  43  4:48  Probe (Chrono Boost)  
  45  4:54  Probe (Chrono Boost)  
  45  4:59  Probe (Chrono Boost)  
  46  5:06  Probe (Chrono Boost)  
  47  5:15  Gateway  
  47  5:16  Sentry, Gateway  
  47  5:17  Sentry  
  47  5:18  Adept x2  
  55  6:09  Adept x2  
  55  6:10  Adept x2  
  51  6:40  Adept x2  
  51  6:41  Adept x3  
  59  7:10  Adept  
  61  7:17  Pylon  
  61  7:19  Pylon  
  61  7:36  Adept x3  
  61  7:37  Adept x3  
  74  7:51  Probe (Chrono Boost)  
  74  8:02  Probe (Chrono Boost)  
  75  8:05  Templar Archives  
  75  8:06  Gateway  
  75  8:08  Stalker, Gateway  
  75  8:12  Probe (Chrono Boost)  
  78  8:45  Stargate  
  78  8:50  Pylon  
  78  8:52  Pylon  
  78  8:53  Pylon  
  78  8:55  Pylon  
  78  9:13  Stalker x4  
  78  9:14  Stalker x2  
  90  9:43  Stalker x4  
  90  9:44  Stalker  
Tags
 
Add a new tag
Caveats
  • Supply blocks, unpowered buildings, or Contaminate may cause inaccurate times.
  • Supply counts are checked every 10 seconds.